 Dungeon Crawl Stone Soup version 0.30-a0-1053-gbd8d5ba0ad (webtiles) character file.

Game seed: 3801155704118783691

45 cforsyth the Caller (level 3, 0/21 HPs)
             Began as an Octopode Summoner on Apr 11, 2023.
             Succumbed to an adder's poison
             ... on level 2 of the Dungeon.
             The game lasted 00:02:00 (1414 turns).

cforsyth the Caller (Octopode Summoner)             Turns: 1414, Time: 00:02:01

Health: 0/21       AC:  1    Str:  7    XL:     3   Next: 64%
Magic:  0/7        EV: 13    Int: 19    God:
Gold:   99         SH:  0    Dex: 12    Spells: 1/7 levels left

rFire   . . .      SeeInvis .    (no weapon)
rCold   . . .      Faith    .    (no shield)
rNeg    . . .      Spirit   .    (helmet restricted)
rPois   .          Reflect  .    (no amulet)
rElec   .          Rampage  .    (no ring)
rCorr   .                        (no ring)
Will    .....                    (no ring)
Stlth   +++                      (no ring)
HPRegen 0.23/turn                (no ring)
MPRegen 0.10/turn                (no ring)
                                 (no ring)
                                 (no ring)

@: lethally poisoned (0 -> -7), attractive
A: almost no armour, amphibious, 8 rings, camouflage 1, gelatinous body 1,
(nimble swimmer 1), tentacles
a: no special abilities


You were on level 2 of the Dungeon.
You visited 1 branch of the dungeon, and saw 2 of its levels.

You collected 99 gold pieces.

Inventory:

Scrolls
 b - 3 scrolls of immolation {unknown}
 e - a scroll of enchant armour {unknown}
 f - 3 scrolls of identify {unknown}
 i - 2 scrolls of amnesia {unknown}
 j - a scroll of fear {unknown}
 l - a scroll of fog {unknown}
Potions
 a - a potion of magic
 d - a potion of brilliance {unknown}
 g - a potion of experience {unknown}
 h - a potion of flight {unknown}
 k - a potion of resistance {unknown}
 m - a potion of mutation {unknown}
 n - a potion of cancellation {unknown}


   Skills:
 - Level 2.0 Dodging
 - Level 2.6 Stealth
 + Level 2.9 Spellcasting
 + Level 4.6 Summonings


You had one spell level left.
You knew the following spells:

 Your Spells              Type           Power      Damage    Failure   Level
a - Summon Small Mammal   Summ           80%        N/A       2%          1
b - Call Imp              Summ           40%        N/A       3%          2
c - Call Canine Familiar  Summ           20%        N/A       7%          3

Your spell library contained the following spells:

 Spells                   Type           Power      Damage    Failure   Level
 Summon Guardian Golem    Hex/Summ       11%        N/A       19%         3
 Blink                    Tloc           4%         N/A       24%         2
 Lesser Beckoning         Tloc           4%         N/A       24%         2
 Momentum Strike          Conj/Tloc      4%         3d8       24%         2
 Summon Lightning Spire   Summ/Air       11%        N/A       52%         4


Dungeon Overview and Level Annotations

Branches:
Dungeon (2/15)

Altars:


Innate Abilities, Weirdness & Mutations

You cannot wear most types of armour.
You are amphibious.
You can wear up to eight rings at the same time.
Your skin changes colour to match your surroundings (Stealth+).
Your rubbery body absorbs attacks. (AC +1, EV +1)
((You are camouflaged when in or above water. (Stealth+)))
You have tentacles for arms and can constrict up to eight enemies at once.


Message History

Confirm with . or Enter, or press ? or * to list all spells.
A tiny devil pulls itself out of the air.
You feel sick.
Your bat misses the adder. The adder completely misses you.
You tentacle-slap the adder but do no damage.
Your grab misses the adder. You squeeze the adder.
The adder is moderately wounded.
You feel sick. The adder misses you.
Your bat hits the adder but does no damage.
The adder barely misses you.
Casting: Call Imp (safe; 3% risk of failure)
Confirm with . or Enter, or press ? or * to list all spells.
The spell is quite dangerous to miscast (7% risk of failure)!
Continue anyway?
You feel sick.
Your bat hits the adder but does no damage.
The adder bites you.
You are more poisoned.
The adder poisons you!
Your cerulean imp barely misses the adder.
You are too injured to fight recklessly!
You are too injured to fight recklessly!
You feel sick.
Your quokka misses the adder. The adder bites you.
You are lethally poisoned!
The adder poisons you!
Your cerulean imp closely misses the adder.
Your bat hits the adder but does no damage.
You swap places.
* * * LOW HITPOINT WARNING * * *
You feel very sick.
Your bat closely misses the adder.
The adder barely misses your hound.
Your quokka closely misses the adder.
Your hound bites the adder.
Your cerulean imp hits the adder but does no damage.
Your hound barely misses the adder.
The adder bites your hound.
Your quokka misses the adder.
* * * LOW HITPOINT WARNING * * *
You feel very sick.
Your hound bites the adder.
The adder dies!
It was a potion of attraction.
You feel attractive to monsters.
You die...

#.###.......##.#.#
#...'.......##.#(#
#####.......##.#.#
#.......##.#.#
#.......##.#.#
#..........#.#
#..........#.# #####
#..........#.##......
#..........@rh5......
#..........#..b......
#########..........)....
###.....#
#.###...>.......
#.......# #.#
####...####. ........#
#.# ##### ........# #.#
........###.#
............#


You could see a friendly hound (summoned), a friendly cerulean imp (summoned), a
friendly quokka (summoned) and a friendly bat (summoned).

Vanquished Creatures
  An adder (D:2)
  A dart slug (D:2)
  An endoplasm (D:1)
  A hobgoblin (D:1)
  2 ball pythons (D:2)
  3 bats
  A frilled lizard (D:1)
  3 kobolds
  4 rats
17 creatures vanquished.

Vanquished Creatures (collateral kills)
  An adder (D:2)
  A ball python (D:2)
  A giant cockroach (D:2)
  3 hobgoblins
  A quokka (D:2)
  A bat (D:1)
  A kobold (D:1)
  2 rats
11 creatures vanquished.

Vanquished Creatures (others)
  2 fungi (D:2)
2 creatures vanquished.

Grand Total: 30 creatures vanquished

Notes
Turn   | Place    | Note
-------+----------+-------------------------------------------
     0 | D:1      | cforsyth the Octopode Summoner began the quest for the Orb.
     0 | D:1      | Reached XP level 1. HP: 11/11 MP: 3/3
   167 | D:1      | Found a faded altar of an unknown god.
   443 | D:1      | Reached XP level 2. HP: 17/17 MP: 1/5
   687 | D:1      | You fall into a shaft and drop 1 floor!
  1055 | D:1      | Reached XP level 3. HP: 21/21 MP: 3/6
  1220 | D:2      | Learned a level 2 spell: Call Imp
  1231 | D:2      | Learned a level 3 spell: Call Canine Familiar
  1414 | D:2      | Succumbed to an adder's poison

Illustrated notes

Levels and vault maps discovered:
D:1:      onia_arrival_mini_spirals, layout_basic,
          shapermc_ecumenical_altar_mp_urbaneastern
D:2:      layout_basic, dreamdust_mushroom_princess, uniq_crazy_yiuf_cottage

Action                     || total
---------------------------++-------
  Melee: Unarmed           ||    59
         Constrict         ||    17
         Tentacles         ||    12
   Cast: Summon Small Mamm ||    34
         Call Imp          ||     2
         Call Canine Famil ||     2
    Use: Potion            ||     1
   Stab: Sleeping          ||     3
 Armour: Skin              ||     8
  Dodge: Dodged            ||    38

Table legend: (Time is in decaauts)
 A = Elapsed time spent in this place.
 B = Non-inter-level travel time spent in this place.
 C = Inter-level travel time spent in this place.
 D = Time resting spent in this place.
 E = Time spent auto-exploring this place.
 F = Levels seen in this place.
 G = Mean time per level.
                   A        B        C        D        E       F      G
               +--------+--------+--------+--------+--------+-----+--------+
         Total |   1413 |   1341 |     72 |      0 |   1100 |   2 |  706.5 |
       Dungeon |   1413 |   1341 |     72 |      0 |   1100 |   2 |  706.5 |
               +--------+--------+--------+--------+--------+-----+--------+

Top non-repeatable levels by time:
     D:1: 978 daAuts
     D:2: 435 daAuts
